Map: Acid Plant LE

Players

Nerchio - Winner!

  • Race: Zerg Zerg
  • Spawn Location: 11:00

SortOf

  • Race: Zerg Zerg
  • Spawn Location: 5:00

Event: WCS Leipzig 2018

VOD

Have the link to the VOD?

Description

Time

  • Played on: Jan. 27, 2018, 6:17 a.m.
  • Length: 7:55

All games in this series

Show
View Real Time Build Order
Export as new Build Order

Nerchio Zerg - Winner!

Build Orders: Hatch First, Zergling Baneling 

Get SALT Encoding   

  12  0:00  Drone  
  13  0:12  Overlord  
  13  0:17  Drone  
  14  0:31  Drone x2  
  14  0:34  Drone  
  17  0:52  Hatchery  
  17  0:55  Drone  
  17  0:58  Drone  
  18  1:09  Extractor  
  17  1:13  Spawning Pool  
  17  1:16  Drone  
  17  1:19  Drone  
  18  1:28  Drone  
  19  1:39  Drone  
  20  1:50  Drone  
  20  1:52  Hatchery  
  20  2:03  Queen  
  22  2:10  Metabolic Boost  
  22  2:11  Drone  
  22  2:14  Drone  
  24  2:17  Drone  
  25  2:23  Overlord  
  25  2:31  Queen  
  25  2:34  Drone  
  28  2:39  Baneling Nest  
  28  2:42  Drone  
  28  2:45  Drone  
  28  2:47  Drone  
  28  2:50  Drone  
  31  2:52  Zergling x2  
  31  2:57  Overlord  
  32  3:00  Zergling x2  
  33  3:06  Queen  
  33  3:10  Zergling x2  
  33  3:12  Zergling x4  
  38  3:14  Zergling x2  
  38  3:17  Zergling x2  
  40  3:21  Zergling x4  
  40  3:23  Zergling x2  
  40  3:26  Zergling x2  
  44  3:27  Zergling x2  
  44  3:30  Zergling x2  
  44  3:36  Overlord  
  44  3:39  Overlord  
  44  3:41  Baneling x3  
  44  3:46  Drone x2  
  44  3:47  Drone  
  47  3:49  Drone  
  47  3:51  Drone  
  49  3:57  Overlord  
  49  4:04  Drone x3  
  46  4:11  Drone, Zergling x2  
  46  4:12  Zergling x4  
  46  4:16  Zergling x4  
  50  4:22  Zergling x4  
  50  4:23  Zergling x8  
  54  4:25  Zergling x2  
  54  4:27  Zergling x2  
  54  4:29  Zergling x2  
  57  4:33  Baneling x3  
  57  4:34  Baneling x2, Zergling x2  
  57  4:36  Zergling x2  
  59  4:42  Overlord  
  59  4:48  Drone x3  
  62  4:53  Drone  
  62  4:54  Drone x4  
  62  4:57  Drone x2  
  62  4:58  Drone x2  
  62  4:59  Drone  
  69  5:01  Drone  
  69  5:02  Drone  
  69  5:08  Drone x2  
  69  5:10  Drone  
  69  5:11  Extractor, Evolution Chamber  
  70  5:15  Lair, Extractor  
  70  5:16  Baneling  
  70  5:17  Baneling  
  68  5:22  Drone x3  
  68  5:23  Drone x2  
  68  5:26  Drone  
  70  5:35  Zergling x12  
  74  5:36  Extractor  
  74  5:41  Zergling x2  
  74  5:42  Zergling x2  
  74  5:47  Baneling x3, Zergling x2  
  75  5:54  Roach Warren  
  75  5:55  Extractor, Zergling x4  
  75  5:57  Zergling x2  
  75  6:02  Drone  
  75  6:03  Baneling x5  
  77  6:04  Drone  
  77  6:07  Drone  
  79  6:13  Drone x2, Extractor  
  79  6:15  Drone x2  
  78  6:32  Drone x2  
  71  6:35  Roach  
  71  6:36  Roach x5  
  71  6:37  Overlord x3  
  71  6:38  Overlord  
  82  6:42  Baneling  
  82  6:43  Baneling x2, Overlord x2  
  82  6:49  Spine Crawler  
  82  6:51  Overlord  
  82  6:53  Baneling x3  
  81  6:54  Overlord  
  81  6:56  Roach x5  
  81  6:59  Roach x2  
  95  7:02  Spine Crawler  
  95  7:04  Roach  
  95  7:06  Roach  
  95  7:07  Roach  
  100  7:10  Roach  
  100  7:12  Roach  
  100  7:13  Roach  
  106  7:16  Roach  
  106  7:19  Roach  
  106  7:20  Roach  
  106  7:21  Roach  
  113  7:23  Roach  
  113  7:28  Roach x2  
  117  7:31  Roach x2  
  117  7:34  Roach x2  
Show
View Real Time Build Order
Export as new Build Order

SortOf Zerg 

Build Orders: Hatch First 

Get SALT Encoding   

  12  0:00  Drone  
  13  0:13  Overlord  
  13  0:17  Drone  
  14  0:32  Drone x2  
  17  0:35  Drone  
  17  0:51  Hatchery  
  17  0:55  Drone  
  17  0:58  Drone  
  18  1:08  Extractor  
  17  1:12  Spawning Pool  
  17  1:16  Drone  
  17  1:20  Drone  
  18  1:30  Drone  
  20  1:40  Drone  
  20  1:52  Overlord  
  20  1:59  Queen  
  22  2:03  Queen  
  22  2:06  Drone x2  
  22  2:08  Metabolic Boost  
  26  2:13  Drone  
  26  2:14  Drone  
  28  2:23  Zergling x2  
  29  2:30  Drone  
  29  2:35  Hatchery  
  29  2:42  Drone  
  29  2:44  Baneling Nest, Zergling x2  
  31  2:47  Drone  
  31  2:52  Overlord  
  31  2:58  Drone x2  
  33  3:07  Drone  
  33  3:08  Drone x2  
  36  3:13  Drone x4  
  36  3:19  Queen  
  42  3:28  Overlord  
  42  3:33  Zergling x6  
  44  3:37  Overlord  
  44  3:46  Queen  
  44  3:47  Zergling x8  
  50  3:49  Baneling x2  
  50  3:52  Zergling x4  
  51  4:04  Zergling x4  
  51  4:08  Zergling x2  
  51  4:09  Zergling x4  
  49  4:11  Zergling x6  
  49  4:15  Zergling x4  
  49  4:16  Zergling x2  
  48  4:18  Drone  
  48  4:21  Drone x2  
  48  4:22  Queen  
  46  4:25  Drone  
  46  4:26  Baneling x2  
  47  4:33  Drone  
  48  4:39  Overlord  
  48  4:40  Drone x2  
  50  4:50  Drone  
  50  4:51  Baneling, Zergling x2, Queen  
  50  4:52  Baneling x2  
  54  4:53  Drone  
  52  5:06  Zergling x18  
  59  5:11  Drone  
  59  5:14  Extractor  
  59  5:18  Zergling x4, Roach Warren  
  59  5:23  Drone  
  59  5:24  Drone  
  58  5:33  Drone x2  
  60  5:37  Drone  
  55  5:43  Drone  
  55  5:44  Drone x2  
  55  5:47  Drone x4, Overlord  
  61  5:52  Zergling x2  
  61  5:54  Baneling  
  61  5:56  Baneling x2  
  63  5:57  Drone  
  63  6:01  Extractor  
  63  6:02  Roach x2  
  65  6:10  Roach x3  
  61  6:28  Roach x7  
  61  6:31  Roach  
  68  6:36  Roach, Zergling x2  
  68  6:39  Overlord  
  71  6:43  Zergling x4  
  71  6:46  Overlord  
  73  6:47  Zergling x2, Overlord  
  73  6:49  Baneling x4  
  73  6:51  Overlord  
  74  6:55  Baneling  
  74  6:56  Overlord  
  74  6:58  Zergling x6  
  74  6:59  Zergling x4  
  79  7:01  Baneling  
  79  7:03  Zergling x2  
  79  7:06  Ravager  
  81  7:09  Zergling x4  
  83  7:20  Zergling x10  
  83  7:21  Ravager  
  81  7:30  Zergling x4  
  81  7:32  Zergling x2  
  80  7:38  Zergling x2  
Tags
 
Add a new tag
Caveats
  • Supply blocks, unpowered buildings, or Contaminate may cause inaccurate times.
  • Supply counts are checked every 10 seconds.